Map: Beckett Industries LE

Players

larsgj - Winner!

  • Race: Terran Terran
  • Spawn Location: 1:00

VOD

Have the link to the VOD?

Description

Time

  • Played on: Jan. 23, 2022, 9:20 a.m.
  • Length: 22:33
Show
View Real Time Build Order
Export as new Build Order

larsgj Terran - Winner!

Build Orders:  

Get SALT Encoding   

  12  0:01  SCV  
  13  0:27  SCV  
  14  0:40  Supply Depot  
  14  0:45  SCV  
  15  1:25  Barracks  
  15  1:36  Command Center  
  15  1:40  SCV  
  16  1:57  SCV  
  16  1:58  Supply Depot  
  17  2:18  SCV  
  18  2:28  Refinery  
  18  2:30  Refinery  
  18  2:35  SCV  
  19  2:41  Supply Depot  
  19  3:28  Refinery  
  19  3:30  Refinery  
  19  3:33  SCV  
  20  3:40  Marine  
  21  3:50  SCV  
  22  4:02  Engineering Bay  
  22  4:07  SCV  
  23  4:15  Factory  
  23  4:24  SCV  
  24  4:48  Terran Infantry Weapons Level 1  
  24  4:51  Marine  
  25  5:03  Bunker  
  25  5:16  Marine  
  26  5:41  Marine  
  26  5:46  SCV  
  26  5:47  Bunker  
  28  6:03  SCV  
  28  6:06  Marine  
  30  6:20  SCV  
  31  6:31  Bunker  
  31  6:42  Orbital Command  
  31  7:07  Missile Turret  
  31  7:26  Orbital Command  
  31  7:28  Terran Infantry Armor Level 1  
  31  7:42  Barracks  
  31  7:56  Barracks  
  31  7:58  Marine  
  32  8:23  Marine  
  33  8:30  Supply Depot  
  33  8:43  Armory  
  33  8:48  Marine  
  34  9:02  Supply Depot  
  34  9:09  SCV  
  35  9:13  Marine  
  36  9:24  Barracks Tech Lab  
  36  9:26  SCV  
  37  9:33  Supply Depot  
  37  9:38  Marine  
  38  9:43  SCV  
  39  9:50  Marine  
  40  10:00  SCV  
  40  10:03  Marine  
  42  10:15  Marine  
  42  10:16  Starport  
  42  10:17  SCV  
  44  10:25  Missile Turret  
  44  10:28  Marine, Hi-Sec Auto Tracking  
  45  10:40  Marine  
  46  10:53  Missile Turret  
  46  11:05  Marine  
  47  11:13  Starport  
  47  11:15  Starport Tech Lab  
  47  11:23  Missile Turret  
  47  11:26  Terran Ship Weapons Level 1  
  47  11:30  Marine  
  48  12:02  Fusion Core  
  48  12:04  Missile Turret  
  48  12:29  Starport Tech Lab  
  48  12:40  Medivac  
  48  12:44  Unknown  
  48  12:47  Structure Armor  
  50  13:21  Command Center  
  50  13:22  Medivac  
  52  13:43  Missile Turret  
  52  13:52  Battlecruiser  
  58  14:04  Battlecruiser  
  64  14:12  Marine  
  64  14:16  Marine  
  66  14:36  Terran Vehicle And Ship Armor Level 1  
  66  15:12  Supply Depot  
  66  15:22  Battlecruiser  
  72  15:34  Battlecruiser  
  78  15:44  Supply Depot  
  78  16:03  SCV  
  79  16:16  Refinery  
  79  16:17  Supply Depot  
  79  16:23  Orbital Command  
  79  16:37  Weapon Refit  
  79  16:49  Refinery  
  79  16:52  Battlecruiser  
  85  17:16  Terran Ship Weapons Level 2  
  85  17:24  Battlecruiser  
  91  18:22  Battlecruiser  
  97  18:53  Battlecruiser  
  103  19:51  Battlecruiser  
Tags
 
Add a new tag
Caveats
  • Supply blocks, unpowered buildings, or Contaminate may cause inaccurate times.
  • Supply counts are checked every 10 seconds.